 Dungeon Crawl Stone Soup version 0.18.1-48-g4cf74bf (webtiles) character file.

115 Maidotsuki the Chopper (level 5, -1/47 HPs)
             Began as a Hill Orc Fighter on Aug 10, 2016.
             Slain by an orc warrior
             ... wielding a +0 hand axe
              (7 damage)
             ... on level 2 of the Dungeon.
             The game lasted 00:14:19 (2193 turns).

Maidotsuki the Chopper (Hill Orc Fighter)           Turns: 2193, Time: 00:14:20

Health: -1/47      AC:  8    Str: 20    XL:     5   Next: 0%
Magic:  5/5        EV:  7    Int:  8    God:
Gold:   113        SH: 12    Dex: 10    Spells: 0 memorised, 4 levels left

rFire  . . .     SeeInvis .     a - +0 war axe
rCold  . . .     Gourm    .     b - +0 scale mail
rNeg   . . .     Faith    .     c - +0 shield
rPois  .         Spirit   .     (no helmet)
rElec  .         Dismiss  .     (no cloak)
rCorr  .         Reflect  +     r - +0 pair of gloves
SustAt .         Harm     .     (no boots)
MR     .....                    w - +3 amulet of reflection
Stlth  ..........               (no ring)
                                (no ring)

@: not resistant to hostile enchantments, extremely unstealthy
A: no striking features
a: no special abilities


You were on level 2 of the Dungeon.
You were not hungry.

You visited 1 branch of the dungeon, and saw 3 of its levels.

You collected 113 gold pieces.

Inventory:

Hand Weapons
 a - a +0 war axe (weapon)
 i - a +0 club
 p - a +0 hand axe
 v - a +0 falchion
Missiles
 h - 133 stones (quivered)
 k - 6 poisoned needles
Armour
 b - a +0 scale mail (worn)
 c - a +0 shield (worn)
 j - a +0 robe
 q - a +0 leather armour
 r - a +0 pair of gloves (worn)
 s - a cursed +0 pair of gloves
 u - a +0 ring mail
Jewellery
 w - a +3 amulet of reflection (around neck)
Scrolls
 e - 2 scrolls of amnesia {unknown}
 l - a scroll of teleportation {unknown}
 m - 3 scrolls of remove curse {unknown}
 n - 2 scrolls of identify {unknown}
Potions
 d - a potion of might
 o - a potion of brilliance {unknown}
 t - a potion of curing {unknown}
 x - a potion of lignification {unknown}
Comestibles
 f - 3 bread rations
 g - 3 meat rations


   Skills:
 + Level 4.7 Fighting
 * Level 4.9 Axes
 - Level 3.2 Armour
 + Level 4.1 Shields


You had 4 spell levels left.
You didn't know any spells.

Dungeon Overview and Level Annotations

Branches:
Dungeon (3/15)

Altars:
Ashenzari
Zin


Message History

You block the orc's attack.
The orc warrior hits you with a hand axe.
The orc barely misses you.
You climb upwards.
There is a stone staircase leading down here.
The orc barely misses you.
You closely miss the orc. The orc hits you with a club.
You hit the orc but do no damage. You block the orc's attack.
The orc hits you but does no damage.
You slash the orc!
You kill the orc!
You have reached level 5!
You feel stronger.
The orc warrior hits you with a hand axe.
You closely miss the orc warrior. You block the orc warrior's attack.
You closely miss the orc warrior.
The orc warrior hits you with a hand axe!
* * * LOW HITPOINT WARNING * * *
The orc warrior hits you with a hand axe!
You die...

..######.........###.#
#.###### ###
#..........##.# #.......
######.########.##.#
######## #.......# #..#.#
#.......# ##.#.# #.......#
#...# #.....<.#
##..#######
#.......#########........#
##............@oo.>#####.#
#.#############......##.#
####.#
#.......<)..###.##.#
..##.#
#.########..###.##.#
#.##.#
#................#.#
#.##.#
##################.# ####
#.##.# #...............#
#... #.##.#
#.############### #.##
#.##.# #.# #.#### #.#


You could see an orc warrior and an orc.

Vanquished Creatures
  5 adders (D:2)
  An ooze (D:1)
  A worm (D:2)
  A dart slug (D:1)
  3 giant geckos (D:2)
  An orc (D:2)
  A ball python (D:1)
  6 giant cockroaches
  9 goblins
  4 hobgoblins
  2 jackals (D:3)
  A quokka (D:2)
  3 bats
  3 giant newts (D:2)
  7 kobolds
  7 rats
  5 fungi (D:1)
60 creatures vanquished.

Notes
Turn   | Place    | Note
--------------------------------------------------------------
     0 | D:1      | Maidotsuki the Hill Orc Fighter began the quest for the Orb.
     0 | D:1      | Reached XP level 1. HP: 19/19 MP: 1/1
   203 | D:1      | Reached XP level 2. HP: 20/27 MP: 2/2
   494 | D:1      | Reached XP level 3. HP: 33/33 MP: 3/3
  1167 | D:2      | Reached XP level 4. HP: 40/40 MP: 4/4
  1514 | D:2      | Found a glowing silver altar of Zin.
  1519 | D:2      | Found a shattered altar of Ashenzari.
  2171 | D:3      | Noticed an orc warrior
  2189 | D:2      | Reached XP level 5. HP: 28/47 MP: 5/5
  2193 | D:2      | Slain by an orc warrior

Skill      XL: |  1  2  3  4 |
---------------+-------------+-----
Axes           | 3 4 |  4.9
Fighting       | 4 |  4.7
Shields        | 4 |  4.1
Armour         | |  3.2

Action                   |  1- 3 |  4- 6 || total
-------------------------+-------+-------++-------
Melee: War axe           |   100 |    76 ||   176
  Eat: Chunk             |     1 |     3 ||     4
Armor: Scale mail        |    30 |    31 ||    61
Dodge: Dodged            |    27 |    26 ||    53
Block: Shield            |    55 |    53 ||   108
